[Event "Titled Tuesday Blitz May 24 Early 2022"]
[White "Amgalantengis, Enkh-Amgalan"]
[Black "Makhnev, Denis"]
[WhiteFideId "4903536"]
[BlackFideId "13707647"]
[WhiteElo "1719"]
[BlackElo "2501"]
[Result "1-0"]
[Round "04"]
[TimeControl "180+1"]
[Date "2022.05.24"]
[WhiteClock "0:01:27"]
[BlackClock "0:00:49"]

1. d4 Nf6 2. c4 e6 3. Nc3 Bb4 4. e3 O-O 5. Bd3 c5 6. Nf3 d5 7. a3 Bxc3+ 8. bxc3 dxc4 9. Bxc4 Qc7 10. Be2 b6 11. O-O Bb7 12. Bb2 Rd8 13. Rc1 Nc6 14. Qa4 e5 15. Rfd1 h6 16. Ba6 Bxa6 17. Qxa6 Rd7 18. dxc5 bxc5 19. c4 Rad8 20. Qa4 Ne8 21. h3 f6 22. Bc3 Nd6 23. Rd5 Ne4 24. Be1 Kf7 25. Qc2 Nd6 26. Rxc5 Qb7 27. Rb1 Qa8 28. Rd5 Ne7 29. Rdd1 Rc8 30. Bb4 Rc6 31. c5 Rd8 32. Qb3+ Nc4 33. Qxc4+ Kf8 34. Rxd8+ Qxd8 35. Qe2 Qc8 36. Rd1 Qe6 37. Qd2 Kf7 38. Qd7 Qb3 39. Rd6 Qb1+ 40. Kh2 Rc8 41. Re6 Re8 42. c6 Qf5 43. Rxe7+ Rxe7 44. Qxf5 Rc7 45. Qd7+ Rxd7 46. cxd7 Ke6 47. d8=Q Kf5 48. Ng1 g5 49. Be1 h5 50. Qd1 h4 51. Kh1 e4 52. Ne2 a5 53. Kg1 a4 54. Nc1 Kg6 55. Qxa4 f5 56. Qd1 f4 57. a4 Kf5 58. a5 fxe3 59. fxe3 g4 60. Qxg4+ Ke5 61. Qxh4 Kd5 62. a6 Kc4 63. Qf2 Kc5 64. Qd2 Kc4 65. a7 Kb5 66. a8=Q Kc4 67. Qh8 Kb5 68. Qh4 Kc4 69. Qhf2 Kb5 70. Kh2 Kc4 71. Qg1 Kb5 72. Qh1 Kc4 73. Kg3 Kb5 74. h4 Kc4 75. h5 Kb5 76. h6 Kc4 77. h7 Kb5 78. Kf4 Kc4 79. g4 Kb5 80. g5 Kc4 81. g6 Kb5 82. g7 Kc4 83. Kf5 Kb5 84. Ke6 Kc4 85. Kf7 Kb5 86. g8=Q Kc4 87. h8=Q Kb5 88. Qxe4 Ka6 89. Qeh1 Ka7 90. e4 Ka6 91. e5 Ka7 92. e6 Ka6 93. e7 Ka7 94. e8=Q Ka6 95. Qea8+ Kb6 96. Qhc6# 1-0


[Site "https://www.chess.com"]

[Event "Titled Tuesday Blitz May 24 Early 2022"]
[White "Antipov, Mikhail Al."]
[Black "Leschinsky, Gary"]
[WhiteFideId "4107012"]
[BlackFideId "30951321"]
[WhiteElo "2512"]
[BlackElo "1782"]
[Result "1-0"]
[Round "04"]
[TimeControl "180+1"]
[Date "2022.05.24"]
[WhiteClock "0:01:21"]
[BlackClock "0:00:42"]

1. e4 c5 2. Nf3 e6 3. b3 Nc6 4. Bb2 d5 5. Bb5 Nf6 6. e5 Nd7 7. Bxc6 bxc6 8. d3 Be7 9. O-O O-O 10. Re1 f6 11. Nbd2 fxe5 12. Nxe5 Nxe5 13. Bxe5 Bd6 14. Qg4 Bxe5 15. Rxe5 Qf6 16. Nf3 Bd7 17. Rae1 Rae8 18. h4 Qf4 19. Qxf4 Rxf4 20. R5e2 Kf7 21. Ne5+ Ke7 22. g3 Rf6 23. Kg2 Kd6 24. h5 Ref8 25. f4 Be8 26. Ng4 Bxh5 27. Nxf6 Bxe2 28. Nxh7 Rh8 29. Ng5 Bg4 30. Nf7+ 1-0


[Site "https://www.chess.com"]

[Event "Titled Tuesday Blitz May 24 Early 2022"]
[White "Aradhya, Garg"]
[Black "Svane, Rasmus"]
[WhiteFideId "25006746"]
[BlackFideId "4657101"]
[WhiteElo "2169"]
[BlackElo "2674"]
[Result "0-1"]
[Round "04"]
[TimeControl "180+1"]
[Date "2022.05.24"]
[WhiteClock "0:00:19"]
[BlackClock "0:00:09"]

1. d4 Nf6 2. Nf3 d5 3. c4 e6 4. Nc3 h6 5. Bf4 Bd6 6. Bxd6 Qxd6 7. e3 O-O 8. Rc1 Qe7 9. Qb3 Rd8 10. Be2 dxc4 11. Qxc4 b6 12. O-O Ba6 13. Qa4 Bb7 14. Ne5 c5 15. Rfd1 cxd4 16. Rxd4 Rxd4 17. Qxd4 Nc6 18. Nxc6 Bxc6 19. Rd1 Rc8 20. f3 e5 21. Qd6 Qxd6 22. Rxd6 Kf8 23. e4 Ke7 24. Rd2 Bd7 25. Kf2 Be6 26. Ke3 Nd7 27. Nd5+ Bxd5 28. Rxd5 f6 29. Kd2 Nc5 30. g3 Ne6 31. Bd1 Rc7 32. a4 a5 33. h4 g5 34. hxg5 hxg5 35. Ke3 Rd7 36. Rxd7+ Kxd7 37. Bb3 Nd4 38. Bd1 Kd6 39. Kd3 Kc5 40. Kc3 Ne6 41. Bb3 Ng7 42. Bf7 f5 43. g4 f4 44. b4+ axb4+ 45. Kb3 Kd4 46. Kxb4 Ke3 47. Kb5 Kxf3 48. Kxb6 Kxe4 49. a5 Kd4 50. a6 f3 51. a7 f2 52. Bc4 Kxc4 53. a8=Q Kd4 54. Qa1+ Ke3 55. Qxe5+ Kf3 56. Qd5+ Ke2 57. Qe4+ Kf1 58. Kc5 Kg1 59. Qe3 Kg2 60. Qd2 Kg1 61. Qd4 Kg2 62. Qe4+ Kg1 63. Qd4 Ne6+ 64. Kd5 Nxd4 65. Kxd4 f1=Q 66. Ke4 Kg2 67. Ke5 Kg3 68. Ke6 Kxg4 69. Kd6 Kh4 70. Kc6 g4 0-1


[Site "https://www.chess.com"]

[Event "Titled Tuesday Blitz May 24 Early 2022"]
[White "Avazkhonov, Alikhon"]
[Black "Jakubowski, Krzysztof"]
[WhiteFideId "14208504"]
[BlackFideId "1112848"]
[WhiteElo "1739"]
[BlackElo "2365"]
[Result "0-1"]
[Round "04"]
[TimeControl "180+1"]
[Date "2022.05.25"]
[WhiteClock "0:00:14"]
[BlackClock "0:02:20"]

1. e4 c5 2. Nc3 e6 3. Nge2 a6 4. g3 b5 5. Bg2 Bb7 6. O-O Nc6 7. d4 cxd4 8. Nxd4 Rc8 9. Be3 Nge7 10. f4 Nxd4 11. Qxd4 Nc6 12. Qd2 Na5 13. b3 Bb4 14. Bd4 Qc7 15. Nd5 Bxd2 16. Nxc7+ Rxc7 17. c3 Bxc3 18. Bb6 Rc6 19. Be3 Ke7 20. Rac1 Rhc8 21. e5 R6c7 22. Bb6 Bd4+ 0-1


[Site "https://www.chess.com"]

[Event "Titled Tuesday Blitz May 24 Early 2022"]
[White "Bagrationi, Alexander"]
[Black "Mekhitarian, Krikor Sevag"]
[WhiteFideId "14104954"]
[BlackFideId "2107660"]
[WhiteElo "2502"]
[BlackElo "2598"]
[Result "1-0"]
[Round "04"]
[TimeControl "180+1"]
[Date "2022.05.24"]
[WhiteClock "0:00:18"]
[BlackClock "0:00:02"]

1. d4 d5 2. c4 dxc4 3. e4 b5 4. a4 c6 5. Nf3 a6 6. g3 Nf6 7. Qe2 Bb7 8. Bg2 e6 9. O-O Nbd7 10. Nbd2 Be7 11. Ne5 Nxe5 12. dxe5 Nd7 13. f4 Nc5 14. Qg4 g6 15. f5 Qd4+ 16. Kh1 Qxe5 17. f6 Bxf6 18. Nf3 Qxe4 19. Bf4 Qf5 20. Qxf5 gxf5 21. Ne5 Nxa4 22. Nxc4 O-O 23. Nd6 Ra7 24. Nxb7 Rxb7 25. Bxc6 Rb6 26. Bf3 Bxb2 27. Rad1 Rc8 28. Rd7 Nc5 29. Ra7 Ne4 30. g4 Bf6 31. Bxe4 fxe4 32. Be3 Rcc6 33. Rxf6 Rb8 34. Rfxf7 e5 35. Rg7+ Kh8 36. Rxh7+ Kg8 37. Rag7+ Kf8 38. Rd7 Kg8 39. Rhe7 b4 40. Rb7 Rxb7 41. Rxb7 a5 42. Rb5 Rc3 43. Bb6 b3 44. Bxa5 Rd3 45. Rb7 e3 46. Kg2 Rd1 47. Kf3 b2 48. Rxb2 Rh1 49. Kxe3 Kf7 50. Kf3 Kf6 51. Kg2 Ra1 52. Bd2 Ke6 53. Be3 Kd5 54. Bf2 Ke4 55. Re2+ Kf4 56. Bg3+ Kxg4 57. Bxe5 Ra4 58. h3+ Kf5 59. Bg3 Kg6 60. Kf3 Rc4 61. Re4 Rc3+ 62. Kg4 Rc6 63. h4 Kf7 64. h5 Kg8 65. Kg5 Kh7 66. Re7+ Kg8 67. Be5 Rc1 68. Rg7+ Kf8 69. Kh6 Re1 70. Bf6 Rf1 71. Rg6 Kf7 72. Bg5 Rh1 73. Rf6+ Kg8 74. Ra6 Kf7 75. Ra7+ Ke6 76. Kg6 Rg1 77. h6 1-0


[Site "https://www.chess.com"]

[Event "Titled Tuesday Blitz May 24 Early 2022"]
[White "Barria Zuniga, Daniel"]
[Black "Fromm, Marius"]
[WhiteFideId "3400816"]
[BlackFideId "12993190"]
[WhiteElo "2414"]
[BlackElo "2507"]
[Result "1-0"]
[Round "04"]
[TimeControl "180+1"]
[Date "2022.05.25"]
[WhiteClock "0:01:01"]
[BlackClock "0:00:01"]

1. c4 c5 2. g3 Nc6 3. Bg2 g6 4. Nc3 Bg7 5. a3 d6 6. Rb1 a5 7. Nh3 h5 8. Nf4 h4 9. e3 g5 10. Nfe2 h3 11. Bxc6+ bxc6 12. Qa4 Bd7 13. O-O Nf6 14. f3 g4 15. f4 d5 16. d3 O-O 17. e4 d4 18. Nd1 Nh5 19. Nf2 f5 20. Bd2 e6 21. e5 Qc7 22. Nc1 Rfb8 23. Nb3 Bf8 24. Nxa5 Ra6 25. b4 cxb4 26. axb4 c5 27. b5 Rba8 28. Ra1 Rb6 29. Qc2 Rbb8 30. Nd1 1-0


[Site "https://www.chess.com"]

[Event "Titled Tuesday Blitz May 24 Early 2022"]
[White "Bifulco, Michel"]
[Black "Johnson, Ben"]
[WhiteFideId "828580"]
[BlackFideId "2010917"]
[WhiteElo "2165"]
[BlackElo "2211"]
[Result "1-0"]
[Round "04"]
[TimeControl "180+1"]
[Date "2022.05.25"]
[WhiteClock "0:00:42"]
[BlackClock "0:00:01"]

1. d4 Nf6 2. Nc3 d5 3. Bf4 e6 4. Nb5 Na6 5. e3 Be7 6. Nf3 O-O 7. Bd3 c6 8. Nc3 c5 9. a3 c4 10. Be2 Nc7 11. Ne5 Nd7 12. Nf3 b5 13. e4 b4 14. axb4 Bxb4 15. O-O Nb6 16. Na4 Nxa4 17. Rxa4 Bd6 18. e5 Be7 19. b3 Bd7 20. Ra2 Bb5 21. bxc4 dxc4 22. c3 Nd5 23. Bd2 h6 24. Qa1 a6 25. Rb1 Rc8 26. Be1 Bg5 27. g3 Be7 28. Nd2 f6 29. exf6 Bxf6 30. Ne4 e5 31. Bg4 Rc6 32. dxe5 Bxe5 33. Rd1 Rg6 34. Bh5 Re6 35. Rad2 Bc6 36. Nc5 Ref6 37. Qxa6 Ba8 38. Qxc4 Qd6 39. Rxd5 1-0


[Site "https://www.chess.com"]

[Event "Titled Tuesday Blitz May 24 Early 2022"]
[White "Bluebaum, Matthias"]
[Black "Durarbayli, Vasif"]
[WhiteFideId "24651516"]
[BlackFideId "13402935"]
[WhiteElo "2556"]
[BlackElo "2528"]
[Result "1-0"]
[Round "04"]
[TimeControl "180+1"]
[Date "2022.05.24"]
[WhiteClock "0:00:24"]
[BlackClock "0:00:01"]

1. d4 Nf6 2. c4 e6 3. Nc3 Bb4 4. e3 O-O 5. Bd3 c5 6. Ne2 cxd4 7. exd4 d5 8. cxd5 Nxd5 9. O-O Nc6 10. a3 Be7 11. Re1 Bf6 12. Bc2 Nce7 13. Ng3 g6 14. Bh6 Bg7 15. Qd2 b6 16. h4 Bb7 17. h5 Nf5 18. Nxf5 exf5 19. Bxg7 Kxg7 20. Re5 Nf6 21. h6+ Kh8 22. Rae1 Ng4 23. Re7 Qd6 24. Rxb7 Qh2+ 25. Kf1 Rae8 26. Ree7 Qh1+ 27. Ke2 Qxg2 28. d5 Qxf2+ 29. Kd1 Qf1+ 30. Qe1 Qf3+ 31. Kc1 Ne3 32. Kb1 Rxe7 33. Rxe7 f4 34. Qd2 Qf1+ 35. Ka2 Qc4+ 36. Bb3 Qc5 37. Ne4 Qxe7 38. Qd4+ f6 39. d6 Qe5 40. Qxe5 fxe5 41. Ng5 f3 42. d7 f2 43. Nf7+ Kg8 44. Nxe5+ Kh8 45. Nf7+ Kg8 46. Nd6+ Kh8 47. Ne8 f1=Q 48. d8=Q Qf4 49. Qe7 1-0


[Site "https://www.chess.com"]

[Event "Titled Tuesday Blitz May 24 Early 2022"]
[White "Boyer, Mahel"]
[Black "Jeet, Jain"]
[WhiteFideId "45102422"]
[BlackFideId "5073022"]
[WhiteElo "2328"]
[BlackElo "2028"]
[Result "0-1"]
[Round "04"]
[TimeControl "180+1"]
[Date "2022.05.24"]
[WhiteClock "0:00:47"]
[BlackClock "0:02:15"]

1. e4 c6 2. d4 d5 3. Nd2 g6 4. Ngf3 Bg7 5. Bd3 Bg4 6. h3 Bxf3 7. Nxf3 dxe4 8. Bxe4 Nf6 9. Bd3 O-O 10. O-O Nbd7 11. c3 e6 12. Bf4 c5 13. Bd6 cxd4 14. Bxf8 Qxf8 15. Nxd4 e5 16. Nc2 e4 17. Be2 Ne5 18. Ne3 Nfd7 19. Qc2 f5 20. Rad1 Kh8 21. Nc4 Nxc4 22. Bxc4 Ne5 23. Be2 Re8 24. Rd5 Nc6 25. Rfd1 f4 26. Bb5 f3 27. g3 Qe7 28. Rd7 Qe6 29. Bxc6 Qxh3 30. Rxg7 Qg2# 0-1


[Site "https://www.chess.com"]

[Event "Titled Tuesday Blitz May 24 Early 2022"]
[White "Brodowski, Piotr"]
[Black "Pakleza, Zbigniew"]
[WhiteFideId "1124480"]
[BlackFideId "1119290"]
[WhiteElo "2431"]
[BlackElo "2467"]
[Result "0-1"]
[Round "04"]
[TimeControl "180+1"]
[Date "2022.05.24"]
[WhiteClock "0:00:03"]
[BlackClock "0:00:15"]

1. c4 c6 2. Nf3 d5 3. Qa4 e6 4. g3 Nd7 5. Bg2 Nb6 6. Qc2 Nxc4 7. b3 Nb6 8. Bb2 Nf6 9. d3 Be7 10. O-O O-O 11. Nbd2 a5 12. a3 c5 13. e4 a4 14. Ne5 axb3 15. Nxb3 Na4 16. Bc1 Bd7 17. Rb1 Be8 18. Be3 Qc7 19. f4 b5 20. exd5 Nxd5 21. Bxd5 exd5 22. Nd4 f6 23. Ng4 Qd7 24. Nxb5 Qxg4 25. Nc7 Ra7 26. Nxd5 Qe6 27. Nxe7+ Qxe7 28. Bf2 Bf7 29. Rfe1 Qd7 30. Rbd1 Bd5 31. d4 c4 32. Rb1 h5 33. Rb4 Qh3 34. Be3 Re8 35. Re2 Rae7 36. Kf2 Qg2+ 37. Ke1 Rxe3 38. Rxa4 0-1


[Site "https://www.chess.com"]

[Event "Titled Tuesday Blitz May 24 Early 2022"]
[White "Cardoso Cardoso, Jose Gabriel"]
[Black "Sirosh, Ilja"]
[WhiteFideId "4430492"]
[BlackFideId "4500458"]
[WhiteElo "2485"]
[BlackElo "2241"]
[Result "1-0"]
[Round "04"]
[TimeControl "180+1"]
[Date "2022.05.25"]
[WhiteClock "0:00:24"]
[BlackClock "0:00:30"]

1. c4 e6 2. Nf3 d5 3. e3 c5 4. cxd5 exd5 5. Bb5+ Nc6 6. d4 Nf6 7. O-O cxd4 8. Nxd4 Bd7 9. Nc3 Bd6 10. b3 a6 11. Be2 Qc7 12. Nf3 Be6 13. Bb2 O-O 14. h3 Rad8 15. Rc1 Qe7 16. Nd4 Rfe8 17. Na4 Ne4 18. Bg4 Nxd4 19. Qxd4 f5 20. Bh5 Rf8 21. Nb6 Qg5 22. h4 Qh6 23. g3 Nf6 24. Bf3 Bb8 25. Kg2 Rf7 26. Rc2 Ne4 27. Nc4 f4 28. exf4 Rdf8 29. Ne5 Rxf4 30. gxf4 Qxf4 31. Qe3 Bxe5 32. Qxf4 Rxf4 33. Bxe5 1-0


[Site "https://www.chess.com"]

[Event "Titled Tuesday Blitz May 24 Early 2022"]
[White "Castaneda, Jhon David"]
[Black "Begunov, Konstantin"]
[WhiteFideId "4405048"]
[BlackFideId "4118510"]
[WhiteElo "2152"]
[BlackElo "2262"]
[Result "0-1"]
[Round "04"]
[TimeControl "180+1"]
[Date "2022.05.25"]
[WhiteClock "0:00:50"]
[BlackClock "0:01:17"]

1. d4 d5 2. Nf3 c6 3. c4 Nf6 4. Nc3 dxc4 5. e4 b5 6. a4 b4 7. Na2 Nxe4 8. Bxc4 e6 9. Qe2 Nd6 10. Bd3 a5 11. Bg5 Be7 12. h4 Ba6 13. Nc1 h6 14. Bf4 Bxd3 15. Nxd3 Nf5 16. Be5 Bf6 17. Bxf6 Qxf6 18. Qe4 O-O 19. Nde5 Rd8 20. g4 Nd6 21. Qe3 Qe7 22. g5 Nf5 23. Qe4 h5 24. g6 f6 25. Nf7 Rd5 26. O-O Nd7 27. Rfe1 Nf8 28. Rac1 Nxg6 29. Rxc6 Qxf7 30. Rxe6 Rad8 31. Ra6 Nxd4 32. Nxd4 Rxd4 33. Qf5 Nxh4 34. Qxa5 Nf3+ 35. Kf1 Qc4+ 0-1


[Site "https://www.chess.com"]

[Event "Titled Tuesday Blitz May 24 Early 2022"]
[White "Chernomordik, Pavel"]
[Black "Gronnestad, Anita"]
[WhiteFideId "2804530"]
[BlackFideId "1502972"]
[WhiteElo "2220"]
[BlackElo "1933"]
[Result "1-0"]
[Round "04"]
[TimeControl "180+1"]
[Date "2022.05.25"]
[WhiteClock "0:01:29"]
[BlackClock "0:00:34"]

1. e3 c5 2. e4 Nc6 3. Nc3 g6 4. f4 Bg7 5. Nf3 e6 6. e5 Nge7 7. Ne4 O-O 8. Nxc5 b6 9. Ne4 Nf5 10. d4 Bb7 11. Qd3 Nb4 12. Qe2 d5 13. Ng3 Rc8 14. c3 Ba6 15. Qd2 Bxf1 16. Rxf1 Nxg3 17. hxg3 Nc6 18. Kf2 a5 19. g4 a4 20. Rh1 Na5 21. Qc2 b5 22. f5 Qb6 23. Bh6 b4 24. Bxg7 Kxg7 25. Qd2 h5 26. f6+ Kh7 27. gxh5 Rh8 28. hxg6+ Kxg6 29. Qg5# 1-0


[Site "https://www.chess.com"]

[Event "Titled Tuesday Blitz May 24 Early 2022"]
[White "Chuemsakul, Sarocha"]
[Black "Nguyen, Quoc Hy"]
[WhiteFideId "6203710"]
[BlackFideId "12410853"]
[WhiteElo "1703"]
[BlackElo "1938"]
[Result "0-1"]
[Round "04"]
[TimeControl "180+1"]
[Date "2022.05.25"]
[WhiteClock "0:00:02"]
[BlackClock "0:00:08"]

1. d4 d5 2. c4 c6 3. cxd5 cxd5 4. Nc3 Nf6 5. Nf3 Nc6 6. Bf4 e6 7. e3 Bd6 8. Bxd6 Qxd6 9. Bd3 a6 10. O-O b5 11. Rc1 Bb7 12. Ne2 O-O 13. h3 Rac8 14. Ng3 g6 15. Qd2 Rc7 16. Rc2 Rfc8 17. Rfc1 Ne7 18. Rxc7 Rxc7 19. Rxc7 Qxc7 20. Qc2 Qxc2 21. Bxc2 Nc6 22. Kf1 Kf8 23. Ke2 Ke7 24. Nd2 Kd6 25. Nb3 Nd7 26. a3 a5 27. Bd3 b4 28. Bb5 Nb6 29. Bxc6 Ba6+ 30. Kd1 Kxc6 31. Nxa5+ Kb5 32. axb4 Kxb4 33. Nc6+ Kb3 34. Nd8 Nc4 35. Nxf7 Nxb2+ 36. Kd2 Nc4+ 37. Ke1 Kc2 38. Ng5 Nb2 39. Nxh7 Kc1 40. f3 Nd3+ 41. Kf1 Kd2 42. Kg1 Kxe3 43. Nf8 Nf4 44. Kh2 Kxd4 45. Nd7 Bb5 46. Nf8 e5 47. h4 Ke3 48. h5 gxh5 49. Nh7 d4 50. Nf5+ Kf2 51. Ng5 Nxg2 52. Nh3+ Kxf3 53. Nd6 Bc6 54. Ng5+ Kf2 55. Nge4+ Ke3 56. Nc5 Nf4 57. Nc4+ Kf2 58. Nxe5 Bd5 0-1


[Site "https://www.chess.com"]

[Event "Titled Tuesday Blitz May 24 Early 2022"]
[White "Ciuffoletti, Paolo"]
[Black "Iljin, Timofey"]
[WhiteFideId "807630"]
[BlackFideId "14110180"]
[WhiteElo "2143"]
[BlackElo "2404"]
[Result "0-1"]
[Round "04"]
[TimeControl "180+1"]
[Date "2022.05.25"]
[WhiteClock "0:00:03"]
[BlackClock "0:01:46"]

1. e4 d5 2. exd5 Nf6 3. d4 Bg4 4. f3 Bf5 5. Bd3 Qxd5 6. Ne2 Bxd3 7. Qxd3 Nc6 8. c4 Ne5 9. Qb3 Nxc4 10. Nbc3 Qc6 11. Bf4 e6 12. O-O Bd6 13. Rac1 Bxf4 14. Nxf4 Nd2 15. Qa3 Nxf1 16. Kxf1 a6 17. b3 Qd6 18. Qa4+ c6 19. d5 b5 20. Qd4 e5 21. Re1 Nd7 22. Nd3 O-O 23. Nxe5 c5 24. Qf4 Rae8 25. Nd3 Rxe1+ 26. Kxe1 Qe7+ 27. Kf2 Re8 28. Ne4 c4 0-1


[Site "https://www.chess.com"]

[Event "Titled Tuesday Blitz May 24 Early 2022"]
[White "Csonka, Balazs"]
[Black "Perera Alfonso, Rene Humberto"]
[WhiteFideId "742910"]
[BlackFideId "3514722"]
[WhiteElo "2404"]
[BlackElo "2313"]
[Result "1-0"]
[Round "04"]
[TimeControl "180+1"]
[Date "2022.05.25"]
[WhiteClock "0:00:03"]
[BlackClock "0:00:20"]

1. e4 c5 2. Nf3 d6 3. Bd3 Nc6 4. O-O Nf6 5. c3 g5 6. Nxg5 Rg8 7. f4 h6 8. Nf3 Bg4 9. Qa4 e6 10. Bb5 Qc7 11. d3 Be7 12. Nbd2 a6 13. Bxc6+ bxc6 14. e5 Nd5 15. Nc4 Nb6 16. Nxb6 Qxb6 17. exd6 Bxd6 18. Be3 Qc7 19. Ne5 Bxe5 20. fxe5 Rg6 21. Bxc5 Rc8 22. d4 Qd8 23. Qc2 Qd5 24. c4 Qd8 25. Qxg6 fxg6 26. Rf8+ Kd7 27. Rf7+ Ke8 28. Raf1 Bf5 29. Rf8+ Kd7 30. Rf7+ Ke8 31. Rf8+ Kd7 32. Rxd8+ Rxd8 33. b3 h5 34. Kf2 a5 35. Ke3 a4 36. b4 g5 37. b5 cxb5 38. cxb5 Rb8 39. b6 Kc6 40. h3 Kd5 41. a3 Rb7 42. Rc1 g4 43. hxg4 hxg4 44. Rh1 Kc6 45. Rh5 Kb5 46. Rxf5 exf5 47. Kf4 Kc4 48. e6 g3 49. e7 Rb8 50. Kxg3 Kd5 51. Kf4 Ke6 52. g3 Re8 53. Kg5 Rg8+ 54. Kf4 Rb8 55. b7 Kd7 56. Kxf5 Rxb7 57. Kf6 Ke8 58. g4 Rb1 59. g5 Rf1+ 60. Ke6 Rg1 61. Kf5 Rf1+ 62. Kg6 Rd1 63. Kh5 Rh1+ 64. Kg4 Rg1+ 65. Kf4 Rf1+ 66. Ke4 Rg1 67. Kd5 Rxg5+ 68. Kc6 Rg6+ 69. Kc7 Rg5 70. Kc6 Rg6+ 71. Bd6 Rg1 72. d5 Rc1+ 73. Bc5 Rd1 74. d6 Rd3 75. Bb4 Rd1 76. Kb5 Kd7 77. Kxa4 Rb1 78. Kb5 Rb2 79. a4 Re2 80. a5 Re5+ 81. Kb6 Re4 82. Bc5 Re1 83. a6 Rb1+ 84. Ka7 Rb5 85. Bb6 Re5 86. Bc7 Kc8 87. Kb6 Re1 88. a7 Rb1+ 89. Kc6 Rc1+ 90. Kd5 Rd1+ 91. Kc4 Rc1+ 92. Kb3 Rb1+ 93. Kc2 Rb7 94. a8=Q+ 1-0


[Site "https://www.chess.com"]

[Event "Titled Tuesday Blitz May 24 Early 2022"]
[White "De Arruda, Leandro Formes"]
[Black "Hirneise, Jens"]
[WhiteFideId "22722009"]
[BlackFideId "24614734"]
[WhiteElo "1852"]
[BlackElo "2359"]
[Result "0-1"]
[Round "04"]
[TimeControl "180+1"]
[Date "2022.05.25"]
[WhiteClock "0:00:01"]
[BlackClock "0:00:36"]

1. d4 e6 2. Nf3 Nf6 3. e3 d5 4. Bd3 Ne4 5. Ne5 Nd7 6. O-O Nxe5 7. dxe5 Nc5 8. Be2 Be7 9. Nd2 O-O 10. b3 f6 11. Bb2 f5 12. c4 c6 13. Bd4 b6 14. Rc1 Bb7 15. f4 a5 16. Rf3 a4 17. Rh3 axb3 18. axb3 Ra2 19. Rc2 Qa8 20. g4 g6 21. gxf5 exf5 22. cxd5 cxd5 23. b4 Ne6 24. Bxb6 Bxb4 25. Rf3 Rc8 26. Rxa2 Qxa2 27. Nb3 Rc2 28. Nd4 Nxd4 29. exd4 Rxe2 30. Qf1 0-1


[Site "https://www.chess.com"]

[Event "Titled Tuesday Blitz May 24 Early 2022"]
[White "Decuigniere, Tom"]
[Black "Soumya, Swaminathan"]
[WhiteFideId "26093820"]
[BlackFideId "5016193"]
[WhiteElo "1997"]
[BlackElo "2115"]
[Result "1-0"]
[Round "04"]
[TimeControl "180+1"]
[Date "2022.05.25"]
[WhiteClock "0:00:03"]
[BlackClock "0:00:01"]

1. e4 c5 2. Nf3 Nc6 3. Bb5 g6 4. O-O Bg7 5. Re1 Nf6 6. Nc3 O-O 7. e5 Ng4 8. Bxc6 bxc6 9. h3 Nh6 10. d3 d5 11. exd6 exd6 12. Bf4 Nf5 13. Qd2 Rb8 14. Rab1 Rb7 15. b3 h6 16. g3 g5 17. Be3 Nxe3 18. fxe3 Bxh3 19. Ne4 Re7 20. Qh2 Bg4 21. Nfd2 Bc8 22. Rf1 f5 23. Nf2 Rxe3 24. Nc4 Re2 25. Qh5 Rfe8 26. c3 d5 27. Na5 Bd7 28. Nb7 Qf6 29. Nxc5 Bc8 30. d4 Qf7 31. Qxf7+ Kxf7 32. Nfd3 Kg6 33. g4 fxg4 34. Rf2 1-0


[Site "https://www.chess.com"]

[Event "Titled Tuesday Blitz May 24 Early 2022"]
[White "Demchenko, Anton"]
[Black "Darini, Pouria"]
[WhiteFideId "4160258"]
[BlackFideId "12502200"]
[WhiteElo "2539"]
[BlackElo "2483"]
[Result "1-0"]
[Round "04"]
[TimeControl "180+1"]
[Date "2022.05.24"]
[WhiteClock "0:00:43"]
[BlackClock "0:00:02"]

1. e4 c5 2. Nf3 d6 3. d4 cxd4 4. Qxd4 Nc6 5. Bb5 Bd7 6. Bxc6 Bxc6 7. Nc3 Nf6 8. Bg5 e6 9. O-O-O Be7 10. Qd3 h6 11. Bh4 O-O 12. Nd4 Qa5 13. f3 Rfe8 14. Be1 Qd8 15. Bg3 d5 16. e5 Nd7 17. f4 Nc5 18. Qf3 Bf8 19. Kb1 Rc8 20. f5 exf5 21. Qxf5 Ne6 22. Rhf1 Qe7 23. Nce2 Bd7 24. Qf2 Nc5 25. Bh4 Qxe5 26. Qxf7+ Kh8 27. Nf4 Kh7 28. Qg6+ Kg8 29. Nh5 Ne4 30. Bf6 Qd6 31. Nxg7 Nxf6 32. Nxe8+ 1-0


[Site "https://www.chess.com"]

[Event "Titled Tuesday Blitz May 24 Early 2022"]
[White "Derraugh, Geordie"]
[Black "Kosteniuk, Alexandra"]
[WhiteFideId "2603950"]
[BlackFideId "4128125"]
[WhiteElo "2116"]
[BlackElo "2469"]
[Result "1/2-1/2"]
[Round "04"]
[TimeControl "180+1"]
[Date "2022.05.25"]
[WhiteClock "0:00:06"]
[BlackClock "0:00:13"]

1. e4 c6 2. c4 d5 3. exd5 cxd5 4. cxd5 Nf6 5. Nc3 Nxd5 6. Nf3 Nxc3 7. bxc3 g6 8. d4 Bg7 9. Bd3 O-O 10. O-O Nc6 11. Re1 b6 12. Bg5 Bb7 13. Be4 Re8 14. Qa4 Qc7 15. Bh4 Na5 16. Bxb7 Qxb7 17. Qa3 e6 18. Ne5 Rac8 19. Re3 Qd5 20. Qa4 f6 21. Ng4 g5 22. Bg3 h5 23. Nxf6+ Bxf6 24. Be5 Be7 25. Rae1 Rf8 26. Qd1 g4 27. h3 Nc4 28. hxg4 Nxe3 29. Rxe3 Bh4 30. g3 Bg5 31. gxh5 Kf7 32. Rd3 Ke7 33. Qg4 Rf5 34. h6 Rcf8 35. h7 Bf6 36. Bxf6+ R5xf6 37. Qg7+ R6f7 38. h8=Q Rxh8 39. Qxh8 Qf5 40. Qh4+ Kd7 41. Rd2 Qb1+ 42. Kg2 Qf5 43. Re2 Qf3+ 44. Kf1 Qxc3 45. Qe4 Qc1+ 46. Kg2 Rf6 47. Qb7+ Kd6 48. Qe4 Rh6 49. Qe5+ Kd7 50. Qg7+ Kd6 51. Qe5+ Kc6 52. Qe4+ Kb5 53. Kf3 Qh1+ 54. Ke3 Qc1+ 55. Kf3 Qh1+ 56. Ke3 Qc1+ 57. Kf3 1/2-1/2


[Site "https://www.chess.com"]

[Event "Titled Tuesday Blitz May 24 Early 2022"]
[White "Djokic, Mihailo"]
[Black "Bacrot, Etienne"]
[WhiteFideId "976440"]
[BlackFideId "605506"]
[WhiteElo "2202"]
[BlackElo "2673"]
[Result "0-1"]
[Round "04"]
[TimeControl "180+1"]
[Date "2022.05.24"]
[WhiteClock "0:00:16"]
[BlackClock "0:00:33"]

1. e4 c5 2. Nf3 d6 3. d4 cxd4 4. Nxd4 Nf6 5. Nc3 Nc6 6. Rg1 g6 7. g4 Bg7 8. Be3 Qa5 9. f3 O-O 10. Qd2 Bd7 11. Nb3 Qd8 12. g5 Nh5 13. O-O-O Rc8 14. f4 Nb4 15. Kb1 Be6 16. Bd4 Bxb3 17. cxb3 Bxd4 18. Qxd4 Qa5 19. a3 Nc6 20. Qe3 Qc5 21. Qxc5 dxc5 22. Rg4 Rfd8 23. Rd5 b6 24. Ba6 Rb8 25. Ne2 e6 26. Rxd8+ Rxd8 27. Kc2 Nd4+ 28. Nxd4 Rxd4 29. Bd3 Kf8 30. Kd2 f5 31. gxf6 Nxf6 32. Rh4 Nxe4+ 33. Ke3 Nf6 34. Ke2 e5 35. b4 cxb4 36. axb4 Rxb4 37. Rh3 Rxb2+ 38. Kd1 exf4 39. Rf3 g5 40. h4 h6 41. hxg5 hxg5 42. Rh3 Kg7 43. Rh1 g4 44. Rf1 f3 45. Rg1 Rg2 46. Re1 Nd5 47. Re5 Nf4 48. Bc4 f2 49. Rf5 Rg1+ 50. Kd2 f1=Q 51. Bxf1 Rxf1 52. Rg5+ Kf6 53. Rxg4 Rf3 54. Rh4 Ke5 55. Rh7 a5 56. Kc2 Nd5 57. Rh5+ Rf5 58. Rh6 Rf4 59. Kb3 Kd4 60. Rh1 Kc5 61. Rc1+ Kd6 62. Rh1 b5 63. Rh8 Rf3+ 64. Kb2 Kc5 65. Rc8+ Kb4 66. Rd8 Nb6 67. Rd4+ Nc4+ 68. Ka2 Rf2+ 69. Kb1 a4 70. Rd3 a3 71. Ka1 Ka4 72. Rh3 b4 73. Rh8 Rf1+ 0-1


[Site "https://www.chess.com"]

[Event "Titled Tuesday Blitz May 24 Early 2022"]
[White "Dobre, Claudiu-Cristian"]
[Black "Ovezdurdyyeva, Jemal"]
[WhiteFideId "1211854"]
[BlackFideId "14001888"]
[WhiteElo "2207"]
[BlackElo "1946"]
[Result "1-0"]
[Round "04"]
[TimeControl "180+1"]
[Date "2022.05.25"]
[WhiteClock "0:01:23"]
[BlackClock "0:00:14"]

1. c4 Nf6 2. Nc3 g6 3. Nf3 d5 4. d4 Bg7 5. Bf4 O-O 6. e3 c5 7. dxc5 Qa5 8. Rc1 Ne4 9. cxd5 Nxc3 10. Qd2 Qxc5 11. bxc3 Rd8 12. e4 f5 13. Be3 Qa5 14. c4 Qa3 15. e5 b5 16. cxb5 Bb7 17. Bc4 Nd7 18. d6+ Kh8 19. e6 Nb6 20. d7 Nxc4 21. Rxc4 a6 22. b6 1-0


[Site "https://www.chess.com"]